 Dungeon Crawl Stone Soup version 0.25-a0-265-g7af84ae0ac (webtiles) character file.

Game seed: 2634380613088186629, levelgen mode: deterministic

2051 Redear the Shield-Bearer (level 9, 0/62 HPs)
             Began as an Octopode Fighter on Dec 8, 2019.
             Was a Plaything of Xom.
             Killed from afar by an orc wizard (8 damage)
             ... with a magic dart
             ... on level 7 of the Dungeon.
             The game lasted 00:14:44 (6719 turns).

Redear the Shield-Bearer (Octopode Fighter)         Turns: 6719, Time: 00:14:44

Health: 0/62       AC:  1    Str: 15    XL:     9   Next: 25%
Magic:  9/9        EV: 15    Int: 10    God:    Xom [..*...]
Gold:   208        SH: 10    Dex: 15    Spells: 8/8 levels left

rFire    . . .     SeeInvis .   a - +0 long sword
rCold    . . .     Gourm    .   b - +0 shield
rNeg     + . .     Faith    .   (helmet restricted)
rPois    .         Spirit   .   r - amulet of regeneration {+Regen}
rElec    .         Reflect  .   C - ring of attention (curse)
rCorr    .         Harm     .   m - ring of positive energy {rN+}
MR       .....                  (no ring)
Stlth    +++.......             (no ring)
HPRegen  0.60/turn              (no ring)
MPRegen  0.11/turn              (no ring)
                                (no ring)
                                (no ring)

@: no status effects
A: almost no armour, stealthy swim, amphibious, 8 rings, constrict 8, camouflage
1, gelatinous body 1
a: Renounce Religion


You were on level 7 of the Dungeon.
You worshipped Xom.
You were a toy of Xom.
You were very hungry.

You visited 2 branches of the dungeon, and saw 8 of its levels.
You also visited: Ossuary.

You collected 208 gold pieces.

Inventory:

Hand Weapons
 a - a +0 long sword (weapon)
Missiles
 n - 6 poisoned darts (quivered)
 Z - 2 throwing nets {+f}
Armour
 b - a +0 shield (worn)
Jewellery
 g - an uncursed ring of ice {rC+ rF-}
 h - an uncursed amulet of the acrobat
 m - a ring of positive energy (right tentacle) {rN+}
 r - an amulet of regeneration (around mantle) {+Regen}
 C - a cursed ring of attention (left tentacle)
Wands
 D - a wand of digging (3)
 V - a wand of flame (24)
Scrolls
 e - a scroll of enchant armour
 f - 2 scrolls of enchant weapon
 j - a scroll of magic mapping {unknown}
 k - 2 scrolls of amnesia
 s - a scroll of fear
 x - a scroll of vulnerability
 A - a scroll of remove curse {unknown}
 B - 5 scrolls of blinking
 T - 6 scrolls of teleportation
Potions
 c - 2 potions of might {Str+5 DMG+1d10 | @q3}
 l - a potion of magic {unknown}
 o - 2 potions of heal wounds {@q1}
 q - 3 potions of lignification
 t - a potion of mutation {unknown}
 u - a potion of invisibility
 v - 7 potions of curing {unknown}
 w - 2 potions of ambrosia
Comestibles
 z - 10 rations


   Skills:
 + Level 6.2 Fighting
 + Level 5.8 Long Blades
 + Level 6.2 Dodging
 - Level 6.0 Stealth
 + Level 6.3 Shields


You had 8 spell levels left.
You didn't know any spells.
Your spell library was empty.

Dungeon Overview and Level Annotations

Branches:
Dungeon (7/15)             Temple (1/1) D:6         Ossuary (visited)

Altars:
Ashenzari
Cheibriados
Dithmenos
Elyvilon
Fedhas
Gozag
Hepliaklqana
Kikubaaqudgha
Makhleb
Nemelex Xobeh
Okawaru
Qazlal
Ru
Sif Muna
Trog
Uskayaw
Vehumet
Wu Jian
Xom
Yredelemnul
Zin
The Shining One


Innate Abilities, Weirdness & Mutations

You cannot wear most types of armour.
You are very stealthy in the water. (Stealth+)
You are amphibious.
You can wear up to eight rings at the same time.
You can use your tentacles to constrict eight enemies at once.
Your skin changes colour to match your surroundings (Stealth+).
Your rubbery body absorbs attacks. (AC +1, EV +1)


Message History

You hit the orc warrior but do no damage.
You squeeze the orc warrior!
The orc warrior is almost dead.
You constrict the orc warrior, but do no damage.
The orc warrior hits you with a +0 scimitar!
The orc wizard gestures at you while chanting.
The magic dart hits you!
* * * LOW HITPOINT WARNING * * *
The orc hits you with a +0 war axe.
* * * LOW HITPOINT WARNING * * *
Xom is mildly amused.
You are too injured to fight recklessly!
You take 28 damage, and have 7/62 hp.
MASSIVE DAMAGE!!
Unknown command.
Unknown command.
Unknown command.
You release your grip on the orc warrior.
The orc wizard points at you and mumbles some strange words.
The magic dart hits you!
You die...

#.# #.# #### #.# ..# #.#
#.# #.# ####### #####<# #.#
#<....# #.....#
#.#########.###.#
#.###.#####@............#.#
#. #.o..o§..########.#.#.#
##.##.###.###oo...# #.....#
#.[.......# ##...## ###.###
#.......### ##.## #.#
#......o# #.# #.# #.....{.#
#.# #.# #.../..o# ##'## #.#
#...o...# ##...## ##.##


You could see an orc warrior, an orc wizard and 2 orcs.

Vanquished Creatures
  A sky beast (D:6)
  5 ogres
  2 centaurs
  2 bullfrogs (D:6)
  A scorpion (D:5)
  2 crimson imps (D:6)
  4 bullfrog zombies (Ossuary)
  3 hounds
  3 centaur zombies
  A jelly (D:6)
  2 orc priests (D:6)
  2 orc wizards (D:4)
  An iguana (D:5)
  A worker ant (D:5)
  A killer bee zombie (Ossuary)
  4 hound zombies
  16 mummies
  3 worker ant zombies (Ossuary)
  12 adders
  A shadow imp (D:5)
  An ooze (D:1)
  4 adder zombies (Ossuary)
  2 worms
  A dart slug (D:3)
  A leopard gecko (D:5)
  6 orcs
  2 bats
  4 giant cockroaches
  4 goblins
  10 hobgoblins
  11 jackals
  11 kobolds
  3 quokkas
  4 frilled lizards
  2 gnoll zombies (D:3)
  2 hobgoblin zombies (D:4)
  A leopard gecko skeleton (D:3)
  3 leopard gecko zombies
  A quokka skeleton (D:5)
  2 quokka zombies (Ossuary)
  12 rats
154 creatures vanquished.

Vanquished Creatures (others)
  5 toadstools (D:1)
5 creatures vanquished.

Grand Total: 159 creatures vanquished

Notes
Turn   | Place    | Note
-------+----------+-------------------------------------------
     0 | D:1      | Redear the Octopode Fighter began the quest for the Orb.
     0 | D:1      | Reached XP level 1. HP: 16/16 MP: 1/1
   138 | D:1      | Reached skill level 1 in Stealth
   138 | D:1      | Reached XP level 2. HP: 21/21 MP: 2/2
   322 | D:1      | Reached XP level 3. HP: 26/26 MP: 3/3
   530 | D:2      | Noticed an ogre
   533 | D:2      | Killed an ogre
   533 | D:2      | Reached skill level 2 in Stealth
   533 | D:2      | Reached XP level 4. HP: 32/32 MP: 4/4
   533 | D:2      | Reached XP level 5. HP: 36/36 MP: 5/5
   804 | D:2      | Reached skill level 3 in Stealth
   905 | D:2      | Found a sacrificial altar of Ru.
   906 | D:2      | Found an ancient bone altar of Kikubaaqudgha.
   906 | D:2      | Found a burning altar of Makhleb.
   995 | D:2      | Reached skill level 3 in Long Blades
  1841 | D:3      | Reached XP level 6. HP: 41/43 MP: 6/6
  2100 | D:3      | Found a basalt altar of Yredelemnul.
  2252 | D:4      | Reached skill level 4 in Shields
  2259 | D:4      | Reached skill level 4 in Fighting
  2259 | D:4      | Reached skill level 4 in Dodging
  2353 | D:4      | Found a hide-covered altar of Uskayaw.
  2356 | D:4      | Noticed a +0 hand axe
  2356 | D:4      | Noticed a +0 dagger
  2494 | D:4      | Found a sand-covered staircase.
  2498 | D:4      | Reached skill level 4 in Stealth
  2501 | Ossuary  | Entered an ossuary
  2513 | Ossuary  | HP: 4/43 [mummy (17)]
  2589 | Ossuary  | Reached XP level 7. HP: 16/48 MP: 7/7
  2948 | Ossuary  | Reached skill level 4 in Long Blades
  2962 | Ossuary  | Reached skill level 5 in Stealth
  2994 | Ossuary  | HP: 3/49 [killer bee zombie (3)]
  3002 | Ossuary  | HP: 2/49 [killer bee zombie (8)]
  3110 | Ossuary  | Reached XP level 8. HP: 16/54 MP: 8/8
  3601 | D:4      | Reached skill level 5 in Fighting
  3601 | D:4      | Reached skill level 5 in Dodging
  3601 | D:4      | Reached skill level 5 in Shields
  3991 | D:5      | Entered Level 5 of the Dungeon
  4226 | D:5      | Reached skill level 6 in Stealth
  4827 | D:5      | Reached skill level 5 in Long Blades
  5054 | D:6      | HP: 3/57 [ogre/+0 giant club (17)]
  5441 | D:6      | Reached skill level 6 in Shields
  5441 | D:6      | Reached XP level 9. HP: 59/62 MP: 9/9
  5610 | D:6      | Reached skill level 6 in Fighting
  5610 | D:6      | Reached skill level 6 in Dodging
  5636 | D:6      | Found a staircase to the Ecumenical Temple.
  5691 | D:6      | Found a glowing golden altar of the Shining One.
  6229 | D:6      | Found a glowing silver altar of Zin.
  6462 | Temple   | Entered the Ecumenical Temple
  6571 | Temple   | Became a worshipper of Xom of Unknown Intention
  6717 | D:7      | XOM: smoke on damage
  6719 | D:7      | Killed from afar by an orc wizard

Levels and vault maps discovered:
D:1:      ldierk_walled_garden, layout_rooms
D:2:      layout_basic, gammafunk_temple_overflow_claw, first_ration
D:3:      layout_rooms, lemuel_zombie_altar_yredelemnul
D:4:      layout_basic, dancing_weapons_uskayaw, nicolae_ossuary_entry_giza,
          bh_walls_and_bars
D:5:      layout_gridville
D:6:      layout_loops_corners, tso_metal_star, zin_scriptorium,
          minmay_temple_entry_glassed_door, minmay_crossroads
D:7:      layout_loops_corners, kennysheep_generic_room_3
Temple:   regret_index_temple_waves

Skill      XL: |  1  2  3  4  5  6  7  8  9 |
---------------+----------------------------+-----
Stealth        | 1 2 3 4 5 6 |  6.0
Long Blades    | 3 4 5 |  5.8
Shields        | 4 6 |  6.3
Fighting       | 4 5 6 |  6.2
Dodging        | 4 5 6 |  6.2

Action                   |  1- 3 |  4- 6 |  7- 9 || total
-------------------------+-------+-------+-------++-------
Melee: Long sword        |    39 |   119 |   232 ||   390
       Constrict         |     8 |    40 |    56 ||   104
       Tentacles         |     6 |    31 |    67 ||   104
Evoke: Wand              |       |       |     1 ||     1
  Use: Potion            |       |     1 |     6 ||     7
       Scroll            |       |       |     9 ||     9
 Stab: Sleeping          |     4 |    17 |     7 ||    28
       Invisible         |       |       |     3 ||     3
       Distracted        |       |       |     3 ||     3
  Eat: Chunk             |       |     5 |     9 ||    14
       Ration            |       |       |     1 ||     1
Armor: Skin              |     1 |     3 |     6 ||    10
Dodge: Dodged            |    18 |    54 |   112 ||   184
Block: Shield            |    14 |    53 |   114 ||   181
       Rpst.: Long sword |     4 |    14 |    40 ||    58

Table legend:
 A = Non-vault XP
 B = Vault XP
 C = Vault XP percentage of total XP
 D = Non-vault monster count
 E = Vault monster count
 F = Vault count percentage of total count
                 A         B        C        D         E       F
            +---------+---------+-------+---------+---------+-------
      Total |    2031 |     900 |  30.7 |     113 |      41 |  26.6
            +---------+---------+-------+---------+---------+-------
        D:1 |      34 |       0 |   0.0 |      18 |       0 |   0.0
        D:2 |     231 |       0 |   0.0 |      31 |       0 |   0.0
        D:3 |      65 |       2 |   3.0 |      18 |       2 |  10.0
        D:4 |     195 |      20 |   9.3 |       9 |       3 |  25.0
        D:5 |     669 |       0 |   0.0 |      20 |       0 |   0.0
        D:6 |     837 |      85 |   9.2 |      17 |       1 |   5.6
    Ossuary |       0 |     793 | 100.0 |       0 |      35 | 100.0
            +---------+---------+-------+---------+---------+-------
